 Dungeon Crawl Stone Soup version 0.30-a0-272-gf98c3da03f (webtiles) character file.

Game seed: 7236721918426477423

24 lunkers the Chopper (level 3, -3/29 HPs)
             Began as a Meteoran Wanderer on Oct 15, 2022.
             Constricted to death by Natasha (4 damage)
             ... on level 2 of the Dungeon.
             The game lasted 00:01:20 (317 turns).

lunkers the Chopper (Meteoran Wanderer)              Turns: 317, Time: 00:01:21

Health: -3/29      AC:  6    Str: 15    XL:     3   Next: 32%
Magic:  4/4        EV:  6    Int: 12    God:
Gold:   71         SH:  0    Dex: 15    Spells: 2/2 levels left

rFire   . . .      SeeInvis .    a - +2 hand axe
rCold   . . .      Faith    .    (no shield)
rNeg    . . .      Spirit   .    c - +0 scale mail
rPois   .          Reflect  .    (no helmet)
rElec   .          Harm     .    (no cloak)
rCorr   .          Rampage  .    (no gloves)
Will    .....                    (no boots)
Stlth   ..........               (no amulet)
HPRegen 0.24/turn                (no ring)
MPRegen 0.09/turn                (no ring)

@: grasped by roots, glowing, constricted
A: sense surroundings 1, otherworldly, glowing, explore regen
a: no special abilities


You were on level 2 of the Dungeon.
You visited 1 branch of the dungeon, and saw 2 of its levels.

You collected 71 gold pieces.

Inventory:

Hand Weapons
 a - a +2 hand axe (weapon)
 b - a +0 short sword
Armour
 c - a +0 scale mail (worn)
Scrolls
 d - 2 scrolls of teleportation
 e - a scroll of identify {unknown}
 f - a scroll of brand weapon {unknown}
Potions
 g - a potion of curing {unknown}
 h - a potion of heal wounds {unknown}
 i - a potion of invisibility {unknown}


   Skills:
 - Level 2.1 Fighting
 - Level 3.2 Short Blades
 + Level 4.1 Axes
 - Level 2.4 Armour
 - Level 1.0 Stealth


You had 2 spell levels left.
You didn't know any spells.
Your spell library was empty.

Dungeon Overview and Level Annotations

Branches:
Dungeon (2/15) Zot: 876

Altars:

Shops:
D:2 (

Annotations:
D:2 Natasha


Innate Abilities, Weirdness & Mutations

You passively map a small area around you.
You are easily found by Zot.
You glow in the dark.
You regain HP and MP as you explore.


Message History

Natasha mumbles some strange words.
The crimson imp shouts!
There is an entrance to Doxaalos's Weapon Shoppe here.
There is a fountain of clear blue water here.
Natasha mumbles some strange words.
You feel disoriented.
Natasha zaps a wand.
The roots erupt in riotous growth!
The grasping roots grab you! The grasping roots constrict you.
You escape the roots grasp.
Natasha claws you but does no damage.
You hit Natasha.
Natasha is lightly wounded.
Natasha claws you.
You barely miss Natasha.
Natasha is lightly wounded.
Natasha casts a spell at you. The magic dart hits you.
* * * LOW HITPOINT WARNING * * *
Natasha barely misses you.
You are too injured to fight recklessly!
You slash Natasha!
Natasha is heavily wounded.
Natasha howls an incantation.
You feel disoriented.
Natasha zaps a wand.
The roots erupt in riotous growth!
The grasping roots grab you!
Natasha is unaffected.
The grasping roots constrict you.
* * * LOW HITPOINT WARNING * * *
You hit Natasha.
Natasha is severely wounded.
Natasha claws you.
* * * LOW HITPOINT WARNING * * *
The grasping roots constrict you.
* * * LOW HITPOINT WARNING * * *
You closely miss Natasha.
Natasha is severely wounded.
Natasha claws you.
* * * LOW HITPOINT WARNING * * *
The grasping roots constrict you.
You die...

* #.....## #
#.....## .# *
#......####.# ###
*
##..........#...,,
, #⌠.⌠###..###.###
,
#.∩...#........#,
#⌠.⌠#.#.#..#.#.#
** #.#.#.#.##.# *
, * #.#@#.#.##.#,
, , #.#h#.#.##.#
#.#5#.#...<# # ,#
,
..#.#.####.#.#...#
**
###.#.#....†.....#
, ..#.#.##.......#
,
*###.#.#####....#
+ ###.#.# ###.. *
* #..[..# * .


You could see Natasha and a crimson imp (summoned).

Vanquished Creatures
  A worm (D:1)
  A ball python (D:1)
  An endoplasm (D:1)
  A giant cockroach (D:1)
  3 goblins (D:1)
  A hobgoblin (D:1)
  2 kobolds (D:1)
  3 quokkas
  2 bats (D:1)
  A frilled lizard (D:2)
  3 rats
19 creatures vanquished.

Notes
Turn   | Place    | Note
-------+----------+-------------------------------------------
     0 | D:1      | lunkers the Meteoran Wanderer began the quest for the Orb.
     0 | D:1      | lunkers set off with the following items: a +2 hand axe, a
                  | +0 short sword, a +0 scale mail, a scroll of teleportation.
     0 | D:1      | Reached XP level 1. HP: 17/17 MP: 2/2
    55 | D:1      | Reached skill level 3 in Axes
    55 | D:1      | Reached XP level 2. HP: 21/24 MP: 3/3
   226 | D:1      | Reached XP level 3. HP: 29/29 MP: 4/4
   246 | D:1      | Reached skill level 4 in Axes
   303 | D:2      | Found Doxaalos's Weapon Shoppe.
   308 | D:2      | Noticed Natasha
   317 | D:2      | HP: 1/29 [Natasha (4)]
   317 | D:2      | Constricted to death by Natasha

Illustrated notes

Levels and vault maps discovered:
D:1:      dpeg_arrival_brainrot, layout_rooms, serial_shops, nicolae_shop_stone,
          roderic_roman_lattice
D:2:      layout_basic, serial_shops, shop_fountains, nicolae_shop_crystal,
          uniq_natasha, uniq_sigmund

Skill      XL: |  1  2  3 |
---------------+----------+-----
Axes           | 3 4 |  4.1
Fighting       | |  2.1
Short Blades   | |  3.2
Armour         | |  2.4
Stealth        | |  1.0

Action                   || total
-------------------------++-------
Melee: Hand axe          ||    49
       Punch             ||     1
Armor: Scale mail        ||    26
Dodge: Dodged            ||    12

Table legend: (Time is in decaauts)
 A = Elapsed time spent in this place.
 B = Non-inter-level travel time spent in this place.
 C = Inter-level travel time spent in this place.
 D = Time resting spent in this place.
 E = Time spent auto-exploring this place.
 F = Levels seen in this place.
 G = Mean time per level.
                   A        B        C        D        E       F      G
               +--------+--------+--------+--------+--------+-----+--------+
         Total |    322 |    322 |      0 |      0 |     98 |   2 |  161.0 |
       Dungeon |    322 |    322 |      0 |      0 |     98 |   2 |  161.0 |
               +--------+--------+--------+--------+--------+-----+--------+

Top non-repeatable levels by time:
     D:1: 268 daAuts
     D:2: 53 daAuts
